 Dungeon Crawl Stone Soup version 0.20.0-15-g7f486f2 (webtiles) character file.

4 rezek the Caller (level 1, -1/13 HPs)
             Began as a Barachi Summoner on June 22, 2017.
             Slain by a kobold
             ... wielding a cursed +0 short sword
              (2 damage)
             ... on level 1 of the Dungeon.
             The game lasted 00:02:05 (494 turns).

rezek the Caller (Barachi Summoner)                  Turns: 494, Time: 00:02:06

Health: -1/13      AC:  2    Str:  9    XL:     1   Next: 70%
Magic:  2/3        EV: 12    Int: 15    God:
Gold:   40         SH:  0    Dex: 12    Spells: 3/4 levels left

rFire    + . .     SeeInvis .   (no weapon)
rCold    . . .     Gourm    .   (no shield)
rNeg     . . .     Faith    .   a - +0 robe
rPois    .         Spirit   .   (no helmet)
rElec    .         Reflect  .   (no cloak)
rCorr    .         Harm     .   (no gloves)
MR       .....                  (no boots)
Stlth    ++........             (no amulet)
Regen    0.1/turn               f - ring of protection from fire
MPRegen  0.1/turn               (no ring)

@: slow
A: +LOS, swims, slowness 1, strong legs 1
a: Hop


You were on level 1 of the Dungeon.
You were not hungry.

You visited 1 branch of the dungeon, and saw 1 of its levels.

You collected 40 gold pieces.

Inventory:

Armour
 a - a +0 robe (worn)
Jewellery
 f - a ring of protection from fire (left hand)
Scrolls
 e - a scroll of enchant armour {unknown}
 g - a scroll of random uselessness {unknown}
 i - a scroll of teleportation {unknown}
Potions
 d - a potion of haste {unknown}
Books
 b - a book of Callings

   Spells                             Type                      Level
   a - Summon Small Mammal            Summoning                    1
   b - Call Imp                       Summoning                    2
   c - Call Canine Familiar           Summoning                    3
   d - Summon Guardian Golem          Hexes/Summoning              3
   e - Summon Lightning Spire         Summoning/Air                4
   f - Summon Ice Beast               Ice/Summoning                4
Comestibles
 c - a bread ration
 h - a chunk of flesh


   Skills:
 - Level 2.1 Dodging
 - Level 1.7 Stealth
 + Level 2.1 Spellcasting
 * Level 5.1 Summonings


You had 3 spell levels left.
You knew the following spells:

 Your Spells              Type           Power        Failure   Level  Hunger
a - Summon Small Mammal   Summ           ###.         2%          1    #......


Dungeon Overview and Level Annotations

Branches:
Dungeon (1/15)

Altars:


Innate Abilities, Weirdness & Mutations

Shadows flee at your approach. (+LOS)
You can swim through water.
You cover ground slowly.
You can hop short distances.


Message History

Your bat barely misses the kobold.
Your bat hits the kobold. The kobold hits you with a short sword.
Your bat closely misses the kobold.
You hit the kobold but do no damage.
The kobold is heavily wounded.
Your bat hits the kobold but does no damage.
The kobold hits you with a short sword.
You hit the kobold.
The kobold is severely wounded.
The kobold hits you with a short sword.
* * * LOW HITPOINT WARNING * * *
Your bat hits the kobold but does no damage.
You closely miss the kobold.
The kobold is severely wounded.
Your bat closely misses the kobold.
The kobold hits you with a short sword.
* * * LOW HITPOINT WARNING * * *
Casting: Summon Small Mammal
Confirm with . or Enter, or press ? or * to list all spells.
The kobold closely misses you.
Your bat misses the kobold. Your bat misses the kobold.
The kobold hits you with a short sword.
You die...

########### #.#≈≈≈♣..#
#.........# #.##≈≈≈♣##
#.#######.# ##.###### #.#
#.# #..# #)# #.# #.## #.#
#.# #.# ..# #.# #.#
#########>############.#
...............K@b.....###
.......########b####.....#
######. ##.####.###.####
#K #.......# #....# #.
######..####.###.##.# #g
#.......# #.....##.# #>
#.####.## ###(####># ##.
#.# #.# #.# #.# . #.. #.#
#.# #.# #.#


You could see a kobold and 2 friendly bats.

Vanquished Creatures
  A kobold (D:1)
  3 rats (D:1)
4 creatures vanquished.

Vanquished Creatures (collateral kills)
  A bat (D:1)
1 creature vanquished.

Grand Total: 5 creatures vanquished

Notes
Turn   | Place    | Note
-------+----------+-------------------------------------------
     0 | D:1      | rezek the Barachi Summoner began the quest for the Orb.
     0 | D:1      | Reached XP level 1. HP: 13/13 MP: 3/3
    75 | D:1      | Reached skill level 5 in Summonings
   494 | D:1      | Slain by a kobold

Skill      XL: |  1 |
---------------+----+-----
Summonings     | 5 |  5.1
Dodging        | |  2.1
Stealth        | |  1.7
Spellcasting   | |  2.1

Action                   || total
-------------------------++-------
Melee: Unarmed           ||    29
 Cast: Summon Small Mamm ||     4
 Stab: Sleeping          ||     1
Armor: Robe              ||     2
Dodge: Dodged            ||    21
